 Dungeon Crawl Stone Soup version 0.30-a0-743-gbfdf073431 (webtiles) character file.

Game seed: 10417077686208916370

92 ragingrage the Shooter (level 4, -2/33 HPs)
             Began as a Mummy Hunter on Feb 7, 2023.
             Slain by an orc wizard
             ... wielding a +0 dagger of holy wrath
              (5 damage)
             ... on level 3 of the Dungeon.
             The game lasted 00:01:35 (2081 turns).

ragingrage the Shooter (Mummy Hunter)               Turns: 2081, Time: 00:01:36

Health: -2/33      AC:  4    Str: 14    XL:     4   Next: 35%
Magic:  4/4        EV: 11    Int:  8    God:
Gold:   112        SH:  0    Dex: 17    Spells: 3/3 levels left

rFire   x . .      SeeInvis .    a - +0 shortbow
rCold   + . .      Faith    +    (shield currently unavailable)
rNeg    + + +      Spirit   .    c - +0 leather armour
rPois   ∞          Reflect  .    (no helmet)
rElec   .          Harm     .    (no cloak)
rCorr   .          Rampage  .    m - +0 pair of gloves
Will    .....                    (no boots)
Stlth   ++                       (no amulet)
HPRegen 0.25/turn                (no ring)
MPRegen 0.09/turn                (no ring)

@: no status effects
A: cold resistance 1, negative energy resistance 3, torment resistance 2, heat
vulnerability 1, in touch with death 1, no potions, faith
a: no special abilities


You were on level 3 of the Dungeon.
You visited 1 branch of the dungeon, and saw 3 of its levels.

You collected 112 gold pieces.

Inventory:

Hand Weapons
 a - a +0 shortbow (weapon)
 b - a +0 whip of venom
Missiles
 i - 4 atropa-tipped darts
 l - 8 poisoned darts
Armour
 c - a +0 leather armour (worn)
 m - a +0 pair of gloves (worn)
Scrolls
 d - a scroll of teleportation
 e - a scroll of fog
 g - 2 scrolls of silence
 h - a scroll of noise {unknown}
 j - 5 scrolls of immolation
 k - a scroll of enchant armour {unknown}
 n - a scroll of magic mapping {unknown}
 o - 2 scrolls of amnesia


   Skills:
 - Level 2.0 Fighting
 + Level 4.5 Ranged Weapons
 - Level 1.5 Dodging
 - Level 2.0 Stealth


You had 3 spell levels left.
You didn't know any spells.
Your spell library contained the following spells:

 Spells                   Type           Power      Damage    Failure   Level
 Inner Flame              Hex/Fire       0%         N/A       86%         3
 Flame Wave               Conj/Fire      0%         2d4       99%         4
 Sticky Flame             Conj/Fire      0%         2d3       99%         4


Dungeon Overview and Level Annotations

Branches:
Dungeon (3/15)

Altars:
Trog

Shops:
D:1 (


Innate Abilities, Weirdness & Mutations

You are immune to poison.
Your flesh is cold resistant. (rC+)
You are immune to negative energy. (rN+++)
You are immune to unholy pain and torment.
You are vulnerable to heat. (rF-)
You are in touch with the powers of death.
You do not drink.
You have a special connection with the divine. (Faith)


Message History

Aim: an orc, wielding a +0 club (63% to hit)
You shoot an arrow. The arrow closely misses the orc.
Fire: a) +0 shortbow
Press: ? - help, Q - select action, (/) - cycle Shift-Dir - straight line, f/p - orc
Aim: an orc, wielding a +0 club (63% to hit)
You shoot an arrow. The arrow hits the orc!
You kill the orc!
Fire: a) +0 shortbow
Press: ? - help, Q - select action, (/) - cycle Shift-Dir - straight line, f/p - orc
Aim: an orc, wielding a +0 club (63% to hit)
You shoot an arrow. The arrow hits the orc.
The orc is lightly wounded.
Something hits you but does no damage. x2
Fire: a) +0 shortbow
Press: ? - help, Q - select action, (/) - cycle Shift-Dir - straight line, f/p - orc
Aim: an orc, wielding a +0 club (lightly wounded, 63% to hit)
You shoot an arrow. The arrow closely misses the orc.
Something barely misses you.
A gnoll comes into view. It is wielding a +0 spear.
Fire: a) +0 shortbow
Press: ? - help, Q - select action, (/) - cycle Shift-Dir - straight line, f/p - orc
Aim: an orc, wielding a +0 club (63% to hit)
You shoot an arrow.
The arrow hits the orc but does no damage.
The gnoll hits you from afar with a +0 halberd!
Something hits you but does no damage.
You hear some strange, mumbled words.
A puff of flame appears from out of thin air!
The puff of flame hits something!
Fire: a) +0 shortbow
Press: ? - help, Q - select action, (/) - cycle Shift-Dir - straight line, f/p - orc
Aim: an orc, wielding a +0 club (63% to hit)
You shoot an arrow. The arrow hits the orc.
The orc is almost dead.
The gnoll hits you from afar with a +0 halberd!
* * * LOW HITPOINT WARNING * * *
Something hits you.
* * * LOW HITPOINT WARNING * * *
You convulse.
You die...

#......#.# #
#####.#.##.#.# .#
...........#.####.#
####.#.#........#
#.#.##.....##
#.........##
###......##
######.# #@# #{#


o{g ..).. !...... # ......... . +.....g.... # #..........# You could see 2
gnolls and an orc.

Vanquished Creatures
  4 gnolls (D:3)
  2 adders
  An orc (D:3)
  6 bats
  3 endoplasms
  2 giant cockroaches
  A goblin (D:1)
  3 hobgoblins
  5 kobolds
  A quokka (D:2)
  3 ball pythons
  2 frilled lizards
  4 rats
37 creatures vanquished.

Notes
Turn   | Place    | Note
-------+----------+-------------------------------------------
     0 | D:1      | ragingrage the Mummy Hunter began the quest for the Orb.
     0 | D:1      | Reached XP level 1. HP: 16/16 MP: 1/1
   229 | D:1      | Reached skill level 1 in Stealth
   384 | D:1      | Reached XP level 2. HP: 22/22 MP: 2/2
   389 | D:1      | Found Ryiluod's Weapon Shoppe.
  1053 | D:2      | Gained mutation: You are in touch with the powers of death.
                  | [Mummy growth]
  1053 | D:2      | Reached XP level 3. HP: 18/27 MP: 3/3
  1606 | D:3      | Found a bloodstained altar of Trog.
  1638 | D:3      | Reached skill level 4 in Ranged Weapons
  1935 | D:3      | Reached XP level 4. HP: 33/33 MP: 4/4
  2081 | D:3      | Slain by an orc wizard

Illustrated notes

Levels and vault maps discovered:
D:1:      nicolae_arrival_somewhat_less_tricky_arrival, layout_basic,
          serial_shops, shop, due_unseen_surprise
D:2:      layout_loops_corners
D:3:      layout_loops_corners, mainiacjoe_overflow_concentric_impassable,
          uniq_terence

Skill      XL: |  1  2  3 |
---------------+----------+-----
Stealth        | 1 2 |  2.0
Ranged Weapons | 4 |  4.5
Fighting       | |  2.0
Dodging        | |  1.5

Action                     |  1- 3 |  4- 6 || total
---------------------------+-------+-------++-------
  Melee: Whip              |     5 |       ||     5
   Fire: Shortbow          |    82 |    22 ||   104
    Use: Scroll            |     1 |     3 ||     4
 Armour: Leather armour    |    16 |     7 ||    23
  Dodge: Dodged            |    25 |     4 ||    29

Table legend: (Time is in decaauts)
 A = Elapsed time spent in this place.
 B = Non-inter-level travel time spent in this place.
 C = Inter-level travel time spent in this place.
 D = Time resting spent in this place.
 E = Time spent auto-exploring this place.
 F = Levels seen in this place.
 G = Mean time per level.
                   A        B        C        D        E       F      G
               +--------+--------+--------+--------+--------+-----+--------+
         Total |   2115 |   2011 |    104 |    127 |   1629 |   3 |  705.0 |
       Dungeon |   2115 |   2011 |    104 |    127 |   1629 |   3 |  705.0 |
               +--------+--------+--------+--------+--------+-----+--------+

Top non-repeatable levels by time:
     D:2: 809 daAuts
     D:1: 677 daAuts
     D:3: 627 daAuts
